 Dungeon Crawl Stone Soup version bcrawl-1.27.3 (webtiles) character file.

Game seed: 3263551115970673282

347021 Banto the Spear-Bearer (level 11, -8/81 HPs)
             Began as a Demigod Wanderer on Aug 7, 2020.
             Killed from afar by a swamp worm (13 damage)
             ... with a harpoon shot
             ... on level 2 of the Lair of Beasts.
             The game lasted 00:17:28 (11217 turns).

Banto the Spear-Bearer (Demigod Wanderer)          Turns: 11217, Time: 00:17:29

Health: -8/81      AC: 16    Str: 17    XL:     11   Next: 45%
Magic:  21/21      EV: 10    Int: 17    God:    Demigod [*****.]
Gold:   669        SH:  0    Dex: 23    Spells: 2/10 levels left

rFire    . . .     SeeInvis .   K - +6 trident (curse)
rCold    . . .     Gourm    +   (no shield)
rNeg     . . .     Faith    .   i - +0 ring mail
rPois    +         Spirit   .   J - +2 helmet
rElec    .         Reflect  .   (no cloak)
rCorr    .         Harm     .   h - +0 pair of gloves
MR       +....                  s - +1 pair of boots
Stlth    ++........             Q - amulet "Qattil" {Gourm Str+2 Int+3}
HPRegen  0.23/turn              x - ring of the Country {rPois Int-4 Dex+2 Slay+2}
MPRegen  0.17/turn              l - +5 ring of protection

@: no status effects
A: high mp 1
a: Temporal Distortion, Growth, Major Destruction, Heroism, Divine Shield


You were on level 2 of the Lair of Beasts.
You worshipped Demigod.
Demigod was extremely pleased with you.
You were completely stuffed.

You visited 2 branches of the dungeon, and saw 12 of its levels.

You collected 1053 gold pieces.
You spent 384 gold pieces at shops.

Inventory:

Hand Weapons
 K - a cursed +6 trident (weapon)
Missiles
 m - 572 poisoned tomahawks (quivered)
 F - a throwing net {=f}
Armour
 h - a +0 pair of gloves (worn)
 i - a +0 ring mail (worn)
 s - a +1 pair of boots (worn)
 J - a +2 helmet (worn)
Jewellery
 f - an uncursed ring of flight
 g - an uncursed ring of protection from magic
 l - a +5 ring of protection (right hand)
 w - an uncursed ring of protection from fire
 x - the ring of the Country (left hand) {rPois Int-4 Dex+2 Slay+2}
   (You acquired it on level 7 of the Dungeon)

   [ring of poison resistance]

   It affects your intelligence (-4).
   It affects your dexterity (+2).
   It affects your accuracy and damage with ranged weapons and melee attacks
   (+2).
   It protects you from poison.
 Q - the amulet "Qattil" (around neck) {Gourm Str+2 Int+3}
   (You found it on level 10 of the Dungeon)

   [amulet of the gourmand]

   It allows you to eat raw meat even when not hungry.
   It affects your strength (+2).
   It affects your intelligence (+3).
Wands
 r - a wand of paralysis (16)
 v - a wand of polymorph (24)
 D - a wand of clouds (6)
 M - a wand of digging (10)
Scrolls
 c - 2 scrolls of blinking
 o - 7 scrolls of remove curse
 p - 3 scrolls of teleportation
 t - a scroll of acquirement
 C - 2 scrolls of immolation
 H - 4 scrolls of magic mapping
 I - a scroll of fear
 L - a scroll of enchant armour
 N - a scroll of fog
Potions
 a - 3 potions of flight
 b - a potion of lignification
 d - a potion of magic
 j - 2 potions of heal wounds
 k - a potion of agility
 n - a potion of invisibility
 q - 3 potions of cancellation
 u - 3 potions of ambrosia
 z - a potion of degeneration {unknown}
 A - a potion of might {unknown}
 B - 2 potions of curing
 E - a potion of resistance {unknown}
 G - 2 potions of brilliance
 P - a potion of haste {unknown}
Miscellaneous
 y - a lightning rod (2/4)
Comestibles
 e - 24 rations {!d}
 O - a chunk of flesh


   Skills:
 - Level 2.6 Fighting
   Level 1.0(9.3) Axes
 - Level 13.9(14.0) Polearms
 - Level 1.0 Throwing
 - Level 1.0 Armour
 - Level 1.0 Stealth
 - Level 6.2 Necromancy
 + Level 8.8 Invocations


You had 2 spell levels left.
You knew the following spells:

 Your Spells              Type           Power        Failure   Level  Hunger
a - Animate Skeleton      Necr           N/A          3%          1    None
b - Regeneration          Chrm/Necr      ##........   36%         3    #####..
c - Animate Dead          Necr           N/A          34%         4    ######.

Your spell library contained the following spells:

 Spells                   Type           Power        Failure   Level  Hunger
 Pain                     Necr           ###...       3%          1    None
 Shock                    Conj/Air       #....        41%         1    None
 Summon Small Mammal      Summ           #...         41%         1    None
 Call Imp                 Summ           #.....       54%         2    ####...
 Swiftness                Chrm/Air       #.......     54%         2    ####...
 Vampiric Draining        Necr           ###.......   11%         3    #####..
 Call Canine Familiar     Summ           #.......     78%         3    #####..
 Static Discharge         Air            #.......     78%         3    #####..
 Bolt of Draining         Conj/Necr      ##........   98%         5    #######
 Airstrike                Air            #.........   99%         4    ######.
 Summon Ice Beast         Ice/Summ       #.......     99%         4    ######.
 Lightning Bolt           Conj/Air       #.........   100%        5    #######
 Summon Lightning Spire   Summ/Air       #.......     100%        5    #######


Dungeon Overview and Level Annotations

Branches:
Dungeon (10/12)            Temple (0/1) D:7            Lair (2/6) D:9
    Orc (0/1) D:10
  Swamp: Lair:2-4    Shoals: Lair:2-4     Snake: Lair:2-4    Spider: Lair:2-4

Shops:
D:7 :(*

Annotations:
D:8 2 transporters, Maksi666's ghost, novice DgHu
D:10 2 transporters, yrara's ghost, journeyman DsFi


Innate Abilities, Weirdness & Mutations

You have an increased reservoir of magic. (+10% MP)


Message History

The swamp worm bites you!
* * * LOW HITPOINT WARNING * * *
The swamp worm bites you.
* * * LOW HITPOINT WARNING * * *
The swamp worm fires a harpoon shot at you.
The harpoon shot misses you.
The swamp worm fires a harpoon shot at you.
The harpoon shot misses you.
The swamp worm fires a harpoon shot at you.
The harpoon shot hits you!
* * * LOW HITPOINT WARNING * * *
You are yanked forward by the harpoon shot.
The swamp worm closely misses you.
The swamp worm bites you but does no damage.
The swamp worm fires a harpoon shot at you.
The harpoon shot misses you.
The swamp worm fires a harpoon shot at you.
The harpoon shot hits you!
You die...
Your divinity fades.

#......###.#...
#...#..#...#...
#...#.Z.Z.##...
#####.#...#Z...+...
##..#.###.##.###P...
#.#...Z..♣♣♣♣♣ ♣♣...
##..Z♣♣♣♣♣♣ ♣♣♣♣
♣♣♣♣
##..♣♣♣≈≈≈≈♣≈≈≈≈≈
#..⌠.@.♣.♣.......
#..⌠...w...♣...
#...♣♣♣w≈≈≈≈≈≈≈≈♣
#..... ♣♣♣♣♣♣♣♣♣♣♣
♣♣♣ ##...# ♣♣..
#.... #P.. ..#.P
###. ##### #.. #P.


You could see 2 swamp worms.

Vanquished Creatures
  A two-headed ogre (D:8)
  Joseph (D:9)
  2 cane toads
  A komodo dragon (Lair:1)
  2 wyverns
  Eustachio (D:4)
  9 yaks
  4 hungry ghosts
  Grum (D:9)
  A two-headed ogre zombie (D:10)
  A swamp worm (Lair:2)
  2 crocodiles
  4 porcupines
  2 water moccasins
  4 sky beasts
  Duvessa (D:5)
  2 orc warriors
  4 ice beasts
  4 wolves (D:9)
  A black bear (D:7)
  4 centaurs
  3 ogres
  A phantom (D:9)
  A necrophage (D:8)
  4 bullfrogs
  2 big kobolds
  Dowan (D:5)
  A scorpion (D:7)
  A killer bee (D:8)
  2 electric eels (D:7)
  2 wights (D:8)
  2 howler monkeys
  3 crimson imps
  2 centaur zombies
  4 hounds
  3 human zombies (D:8)
  A jelly (D:5)
  2 bullfrog skeletons
  3 orc priests
  5 centaur skeletons
  Ijyb (D:5)
  9 orc wizards
  3 iguanas
  3 worker ants
  7 ogre zombies (D:10)
  A hound zombie (D:5)
  6 mummies (D:8)
  A worker ant zombie (D:6)
  A howler monkey skeleton (D:4)
  4 gnolls (D:7)
  11 adders
  2 shadow imps
  2 oozes
  2 adder skeletons
  3 adder zombies
  4 worms
  A dart slug (D:2)
  9 leopard geckos
  36 orcs
  2 ball pythons
  9 bats
  7 goblins
  11 hobgoblins
  7 jackals
  22 kobolds
  4 quokkas
  5 frilled lizards
  3 goblin skeletons (D:10)
  3 goblin zombies (D:10)
  3 hobgoblin zombies (D:10)
  A jackal skeleton (D:6)
  A jackal zombie (D:5)
  4 orc skeletons (D:10)
  11 orc zombies (D:10)
  4 rats
298 creatures vanquished.

Vanquished Creatures (collateral kills)
  A wyvern (D:8)
  A porcupine (Lair:2)
  4 killer bees (D:8)
  An orc wizard (D:8)
  An orc zombie (D:10)
8 creatures vanquished.

Vanquished Creatures (others)
  An orc (D:4)
  2 fungi (Lair:2)
3 creatures vanquished.

Grand Total: 309 creatures vanquished

Notes
Turn   | Place    | Note
-------+----------+-------------------------------------------
     0 | D:1      | Banto the Demigod Wanderer began the quest for the Orb.
     0 | D:1      | Banto set off with the following items: a +2 dagger, a
                  | potion of lignification, a +0 shortbow, 182 arrows, a
                  | ration {!d}, a +0 robe, a +0 spear
     0 | D:1      | Reached XP level 1. HP: 18/18 MP: 3/3
    23 | D:1      | Reached skill level 3 in Polearms
    69 | D:1      | Reached XP level 2. HP: 25/25 MP: 4/4
   444 | D:1      | Reached XP level 3. HP: 28/30 MP: 5/5
   549 | D:1      | Reached skill level 4 in Polearms
   693 | D:1      | Reached * piety under Demigod
  1106 | D:2      | Found a hazy altar of Hepliaklqana.
  1170 | D:2      | Found a burning altar of Makhleb.
  1557 | D:2      | Reached XP level 4. HP: 21/37 MP: 6/6
  1830 | D:3      | Reached skill level 5 in Polearms
  1858 | D:3      | Found a glowing silver altar of Zin.
  1917 | D:3      | Reached XP level 5. HP: 37/42 MP: 7/7
  2652 | D:3      | Reached ** piety under Demigod
  2805 | D:4      | Reached skill level 6 in Polearms
  2889 | D:4      | Noticed an ogre
  2893 | D:4      | Killed an ogre
  2893 | D:4      | Reached XP level 6. HP: 50/50 MP: 8/8
  2932 | D:4      | Noticed Eustachio
  3033 | D:4      | Killed Eustachio
  3033 | D:4      | Reached skill level 7 in Polearms
  3047 | D:4      | Reached XP level 7. HP: 31/56 MP: 9/9
  3271 | D:4      | Found a bloodstained altar of Trog.
  3508 | D:4      | Got a scintillating sapphire amulet
  3512 | D:4      | Identified the amulet of the Will of the Gods {Inacc rC+}
                  | (You found it on level 4 of the Dungeon)
  3570 | D:5      | Entered Level 5 of the Dungeon
  3801 | D:5      | Reached skill level 8 in Polearms
  4066 | D:5      | Reached *** piety under Demigod
  4394 | D:5      | Reached skill level 9 in Polearms
  4394 | D:5      | Reached XP level 8. HP: 48/62 MP: 10/10
  4510 | D:5      | Noticed Ijyb
  4510 | D:5      | Noticed Duvessa
  4519 | D:5      | Killed Ijyb
  4533 | D:5      | Killed Duvessa
  4538 | D:5      | Noticed Dowan
  4546 | D:5      | Killed Dowan
  4694 | D:5      | Found a shattered altar of Ashenzari.
  4696 | D:5      | Found a blossoming altar of Fedhas.
  5040 | D:6      | Reached skill level 10 in Polearms
  5331 | D:6      | Reached skill level 11 in Polearms
  5541 | D:6      | Reached XP level 9. HP: 68/68 MP: 11/11
  5544 | D:6      | Found an opulent altar of Gozag.
  5949 | D:7      | Found Nelo's General Store.
  5958 | D:7      | Bought a scroll of identify for 24 gold pieces
  5958 | D:7      | Identified a scroll of acquirement
  5958 | D:7      | Identified the ring of the Country {rPois Int-4 Dex+2
                  | Slay+2} (You acquired it on level 7 of the Dungeon)
  6019 | D:7      | Found a staircase to the Ecumenical Temple.
  6666 | D:7      | Found a radiant altar of Vehumet.
  6712 | D:7      | Found Wasokham's Weapon Shop.
  6797 | D:7      | Reached skill level 12 in Polearms
  6907 | D:7      | Found Qystiah's Book Shop.
  6912 | D:7      | Bought a book of Necromancy for 360 gold pieces
  6914 | D:7      | Learned a level 1 spell: Animate Skeleton
  6918 | D:7      | Learned a level 3 spell: Regeneration
  6923 | D:7      | Learned a level 4 spell: Animate Dead
  7016 | D:7      | Reached **** piety under Demigod
  7151 | D:8      | Noticed a two-headed ogre
  7191 | D:8      | Reached skill level 1 in Necromancy
  7219 | D:8      | Killed a two-headed ogre
  7434 | D:8      | Reached XP level 10. HP: 74/74 MP: 13/13
  7533 | D:8      | Found a basalt altar of Yredelemnul.
  8078 | D:8      | Found a transporter.
  8079 | D:8      | Found a transporter.
  8081 | D:8      | Noticed Maksi666's ghost (novice DgHu)
  8292 | D:9      | Found a hide-covered altar of Uskayaw.
  8315 | D:9      | Reached ***** piety under Demigod
  8433 | D:9      | Reached skill level 5 in Necromancy
  8866 | D:9      | Reached skill level 13 in Polearms
  8895 | D:9      | Found a sacrificial altar of Ru.
  9051 | D:9      | Found a staircase to the Lair.
  9064 | D:9      | Noticed Joseph
  9080 | D:9      | Killed Joseph
  9216 | D:9      | Noticed Grum
  9250 | D:9      | Killed Grum
  9250 | D:9      | Reached skill level 1 in Invocations
  9431 | D:10     | Entered Level 10 of the Dungeon
  9507 | D:10     | Noticed an eight-headed hydra
  9508 | D:10     | Noticed yrara's ghost (journeyman DsFi)
  9516 | D:10     | Found a transporter.
  9517 | D:10     | Noticed a moth of wrath
  9538 | D:10     | Found a transporter.
  9588 | D:10     | Reached XP level 11. HP: 78/81 MP: 15/17
  9639 | D:10     | Found a staircase to the Orcish Mines.
  9667 | D:10     | Reached skill level 5 in Invocations
  9800 | D:10     | Got a faintly glowing platinum amulet
  9802 | D:10     | Identified the amulet "Qattil" {Gourm Str+2 Int+3} (You
                  | found it on level 10 of the Dungeon)
 10244 | Lair:1   | Entered Level 1 of the Lair of Beasts
 11217 | Lair:2   | Killed from afar by a swamp worm

Skill      XL: |  1  2  3  4  5  6  7  8  9 10 11 |
---------------+----------------------------------+-----
Polearms       | 3 4 5 6 7 9 11 12 13 | 13.9
Necromancy     | 3 6 |  6.2
Invocations    | 4 8 |  8.8
Fighting       | |  2.6
Axes           | |  1.0
Throwing       | |  1.0
Armour         | |  1.0
Stealth        | |  1.0

Action                   |  1- 3 |  4- 6 |  7- 9 | 10-12 || total
-------------------------+-------+-------+-------+-------++-------
Melee: Spear             |   266 |   217 |   148 |       ||   631
       Trident           |       |       |   398 |   556 ||   954
Throw: Tomahawk          |       |    14 |    59 |    14 ||    87
 Cast: Animate Skeleton  |       |       |     8 |    12 ||    20
Evoke: Lightning rod     |       |       |       |     3 ||     3
       Wand              |       |       |       |     1 ||     1
  Use: Scroll            |     2 |     5 |     9 |     6 ||    22
       Potion            |       |       |       |     1 ||     1
 Stab: Sleeping          |     1 |     1 |     2 |     1 ||     5
       Distracted        |       |       |     3 |     2 ||     5
  Eat: Chunk             |     7 |     7 |    33 |    36 ||    83
       Ration            |       |     1 |       |       ||     1
Armor: Robe              |     4 |       |       |       ||     4
       Ring mail         |    69 |    88 |   207 |   145 ||   509
Dodge: Dodged            |    83 |    96 |   196 |   115 ||   490
